 Dungeon Crawl Stone Soup version 0.21-a0-84-g85d6d27 (webtiles) character file.

872 sscrono2 the Slicer (level 8, -2/52 HPs)
             Began as an Octopode Assassin on July 5, 2017.
             Was an Initiate of Ashenzari.
             Slain by an orc warrior
             ... wielding a +2 vampiric glaive
              (14 damage)
             ... on level 6 of the Dungeon.
             The game lasted 00:08:03 (5302 turns).

sscrono2 the Slicer (Octopode Assassin)             Turns: 5302, Time: 00:08:03

Health: -2/52      AC:  3    Str: 12    XL:     8   Next: 4%
Magic:  8/8        EV: 14    Int: 13    God:    Ashenzari [......]
Gold:   261        SH:  0    Dex: 22    Spells: 7/7 levels left

rFire    . . .     SeeInvis .   b - +0 blowgun
rCold    . . .     Gourm    .   (no shield)
rNeg     + . .     Faith    .   (helmet restricted)
rPois    .         Spirit   .   (no amulet)
rElec    .         Reflect  .   y - +6 ring of dexterity (curse)
rCorr    .         Harm     .   A - ring of flight
MR       .....                  r - ring of positive energy
Stlth    +++++.....             (no ring)
HPRegen  0.17/turn              (no ring)
MPRegen  0.11/turn              (no ring)
                                (no ring)
                                (no ring)

@: no status effects
A: almost no armour, stealthy swim, amphibious, 8 rings, constrict 8, tentacle
spike 1, slimy green scales 1, camouflage 1, strong 1, gelatinous body 1
a: Curse Item, Renounce Religion, Evoke Flight


You were on level 6 of the Dungeon.
You worshipped Ashenzari.
Ashenzari was noncommittal.
You were not hungry.

You visited 2 branches of the dungeon, and saw 7 of its levels.

You collected 261 gold pieces.

Inventory:

Hand Weapons
 a - a +2 dagger
 b - a +0 blowgun (weapon)
Missiles
 c - 10 poisoned needles (quivered)
Jewellery
 r - a ring of positive energy (on tentacle)
 y - a cursed +6 ring of dexterity (left tentacle)
 A - a ring of flight (right tentacle)
Scrolls
 h - a scroll of immolation {unknown}
 j - 3 scrolls of amnesia
 m - 2 scrolls of enchant weapon {unknown}
 n - a scroll of recharging
 o - 3 scrolls of magic mapping
 q - 2 scrolls of fog
 u - 3 scrolls of remove curse
 x - 4 scrolls of teleportation
Potions
 e - 2 potions of curing
 g - a potion of agility {unknown}
 k - 3 potions of heal wounds
 l - a potion of invisibility
 p - 3 potions of lignification
 s - a potion of ambrosia {unknown}
 z - a potion of brilliance {unknown}
Books
 B - a book of Flames

   Spells                             Type                      Level
   a - Flame Tongue                   Conjuration/Fire             1
   b - Throw Flame                    Conjuration/Fire             2
   c - Conjure Flame                  Conjuration/Fire             3
   d - Inner Flame                    Hexes/Fire                   3
   e - Sticky Flame                   Conjuration/Fire             4
   f - Fireball                       Conjuration/Fire             5
Comestibles
 f - 2 bread rations
 i - 3 chunks of flesh
 t - a royal jelly
 v - 6 fruits
 w - 2 meat rations


   Skills:
 + Level 3.0 Fighting
 - Level 8.0 Short Blades
 - Level 2.0 Throwing
 + Level 2.3 Dodging
 + Level 6.3 Stealth


You had 7 spell levels left.
You didn't know any spells.

Dungeon Overview and Level Annotations

Branches:
Dungeon (6/15)             Temple (1/1) D:4

Altars:
Ashenzari
Fedhas
Kikubaaqudgha
Qazlal
Sif Muna
Vehumet
Wu Jian

Annotations:
D:4 fantismo's ghost, amateur TrWn


Innate Abilities, Weirdness & Mutations

You cannot wear most types of armour.
You are very stealthy in the water. (Stealth+)
You are amphibious.
You can wear up to eight rings at the same time.
You can use your tentacles to constrict eight enemies at once.
Your skin changes colour to match your surroundings (Stealth+).
Your rubbery body absorbs attacks. (AC +1, EV +1)
One of your tentacles bears a spike.
You are partially covered in slimy green scales. (AC +2)
Your muscles are strong. (Str +2)


Message History

Aim: an orc warrior, wielding a vampiric glaive and wearing a plate armour (moderately wounded, slow, poisoned)
You shoot a poisoned needle.
The poisoned needle hits the orc warrior.
The orc warrior looks even sicker.
The orc warrior is moderately wounded.
Firing (i - inventory):
c - 12 poisoned needles (quivered)
Press: ? - help, Shift-Dir - straight line, f/p - orc warrior
Aim: an orc warrior, wielding a vampiric glaive and wearing a plate armour (heavily wounded, slow, poisoned)
You shoot a poisoned needle.
The poisoned needle barely misses the orc warrior.
The orc warrior is no longer moving slowly.
Firing (i - inventory):
c - 11 poisoned needles (quivered)
Press: ? - help, Shift-Dir - straight line, f/p - orc warrior
Aim: an orc warrior, wielding a vampiric glaive and wearing a plate armour (heavily wounded, poisoned)
You shoot a poisoned needle.
The poisoned needle hits the orc warrior.
The orc warrior looks as sick as possible!
The orc warrior is heavily wounded.
The orc warrior hits you from afar with a vampiric glaive!
You die...

.#. . .#.##. ..(..
### ....# #.. #.#.#
#.# .# #. #.#.# #.#
#.#
##..###.#.###.#####.#
.......(.(..o.@..##.#
#..##([..###$##.##.#
#....)# #.##.##.#
##....# #.##.##.#
......# #.......#
####.### #######.#
#.# #.# .# ##+## #.#
.# ##...## #.#


You could see an orc warrior.

Vanquished Creatures
  A black bear (D:6)
  2 centaurs (D:6)
  A bullfrog (D:6)
  A howler monkey (D:4)
  A gnoll shaman (D:5)
  An orc priest (D:4)
  Crazy Yiuf (D:3)
  An orc wizard (D:4)
  6 worker ants
  Robin (D:3)
  9 adders
  6 gnolls
  2 adder skeletons (D:4)
  2 worms
  A dart slug (D:3)
  6 leopard geckos
  13 orcs
  7 giant cockroaches
  15 goblins
  6 hobgoblins
  2 jackals (D:6)
  5 kobolds
  3 quokkas
  3 ball pythons
  6 bats
  6 frilled lizards
  A quokka zombie (D:6)
  8 rats
117 creatures vanquished.

Notes
Turn   | Place    | Note
-------+----------+-------------------------------------------
     0 | D:1      | sscrono2 the Octopode Assassin began the quest for the Orb.
     0 | D:1      | Reached XP level 1. HP: 14/14 MP: 1/1
    48 | D:1      | Reached XP level 2. HP: 19/19 MP: 2/2
    77 | D:1      | Reached skill level 3 in Short Blades
   344 | D:1      | Reached XP level 3. HP: 20/24 MP: 3/3
  1086 | D:2      | Gained mutation: One of your tentacles bears a spike. [potion of mutation]
  1086 | D:2      | Gained mutation: Your muscles are strong. (Str +2) [potion of mutation]
  1086 | D:2      | Gained mutation: You are partially covered in slimy green scales. (AC +2) [potion of mutation]
  1196 | D:2      | Reached skill level 4 in Short Blades
  1196 | D:2      | Reached XP level 4. HP: 29/29 MP: 4/4
  1433 | D:3      | Noticed Robin
  1549 | D:3      | Killed Robin
  1816 | D:3      | Reached skill level 5 in Short Blades
  1816 | D:3      | Reached XP level 5. HP: 33/34 MP: 5/5
  1930 | D:3      | Found a runed door.
  2449 | D:3      | Noticed Crazy Yiuf
  2463 | D:3      | Killed Crazy Yiuf
  2555 | D:4      | Reached skill level 6 in Short Blades
  2555 | D:4      | Reached XP level 6. HP: 32/39 MP: 6/6
  2686 | D:4      | Noticed fantismo's ghost (amateur TrWn)
  2807 | D:4      | Found a staircase to the Ecumenical Temple.
  2964 | Temple   | Entered the Ecumenical Temple
  2971 | Temple   | Became a worshipper of Ashenzari the Shackled
  3637 | D:5      | Entered Level 5 of the Dungeon
  3704 | D:5      | Reached skill level 7 in Short Blades
  3804 | D:5      | Found an ornate altar of the Wu Jian Council.
  3805 | D:5      | Found an ancient bone altar of Kikubaaqudgha.
  3893 | D:5      | Reached XP level 7. HP: 28/45 MP: 7/7
  4783 | D:6      | Reached skill level 8 in Short Blades
  4907 | D:6      | Reached XP level 8. HP: 48/52 MP: 8/8
  5302 | D:6      | Slain by an orc warrior

Vault maps used:
D:1:      minmay_arrival_pointy, serial_forest, infiniplex_forest_clump_long,
          infiniplex_forest_lined_4_way, infiniplex_forest_lined_3_way,
          infiniplex_forest_straight_2, infiniplex_forest_end_3
D:3:      first_bread, uniq_robin, uniq_crazy_yiuf_cottage
D:4:      minmay_temple_entry_glassed_door
D:5:      nicolae_overflow_hidden_temple
D:6:      minmay_misc_feat_iff, nicolae_underground_beach
Temple:   regret_index_temple_chain_breaker

Skill      XL: |  1  2  3  4  5  6  7 |
---------------+----------------------+-----
Short Blades   | 3 4 5 6 7 8 |  8.0
Fighting       | 3 |  3.0
Dodging        | 2 |  2.3
Stealth        | 6 |  6.3
Throwing       | |  2.0

Action                   |  1- 3 |  4- 6 |  7- 9 || total
-------------------------+-------+-------+-------++-------
Melee: Dagger            |    38 |   140 |    52 ||   230
       Constrict         |    10 |    38 |    11 ||    59
       Tentacles         |     5 |    31 |    11 ||    47
       Kick              |       |    49 |    21 ||    70
 Fire: Blowgun           |       |     5 |     7 ||    12
Invok: Curse Item        |       |     1 |       ||     1
  Use: Scroll            |     7 |     5 |     2 ||    14
       Potion            |     1 |       |     1 ||     2
 Stab: Sleeping          |    11 |    14 |    10 ||    35
  Eat: Chunk             |     1 |     5 |     3 ||     9
       Bread ration      |       |     1 |       ||     1
Armor: Skin              |     4 |    23 |     2 ||    29
Dodge: Dodged            |    12 |    64 |    31 ||   107
